 Dungeon Crawl Stone Soup version 0.29-a0-284-gf9362112df (webtiles) character file.

Game seed: 11549729529868830548

5524 horus123 the Frost Mage (level 10, -2/74 HPs)
             Began as a Merfolk Ice Elementalist on Mar 16, 2022.
             Was a Believer of Qazlal.
             Shot with a bolt by a yaktaur captain (11 damage)
             ... on level 10 of the Dungeon.
             The game lasted 00:32:23 (11498 turns).

horus123 the Frost Mage (Merfolk Ice Elementalist) Turns: 11498, Time: 00:32:24

Health: -2/74      AC: 15    Str: 10    XL:     10   Next: 70%
Magic:  14/28      EV: 16    Int: 18    God:    Qazlal [**....]
Gold:   599        SH:  3    Dex: 14    Spells: 0/21 levels left

rFire   . . .      SeeInvis .   v - +4 rapier (venom)
rCold   . . .      Faith    .   (no shield)
rNeg    . . .      Spirit   .   a - +0 robe
rPois   .          Reflect  .   t - +2 helmet
rElec   .          Harm     .   I - +1 cloak
rCorr   .          Rampage  .   (no gloves)
Will    .....                   j - +0 pair of boots
Stlth   ++........              m - amulet of regeneration
HPRegen 1.02/turn               D - ring of magical power
MPRegen 0.21/turn               C - +4 ring of evasion

@: ice-armoured, freezing walls
A: (nimble swimmer 2), mertail
a: Renounce Religion, Upheaval


You were on level 10 of the Dungeon.
You worshipped Qazlal.
Qazlal was pleased with you.
You visited 2 branches of the dungeon, and saw 11 of its levels.

You collected 599 gold pieces.

Inventory:

Hand Weapons
 b - a +4 rapier of freezing
 v - a +4 rapier of venom (weapon)
Missiles
 c - 2 throwing nets
 w - 3 curare-tipped darts
Armour
 a - a +0 robe (worn)
 j - a +0 pair of boots (worn)
 t - a +2 helmet (worn)
 I - a +1 cloak (worn)
Jewellery
 f - an amulet of reflection
 i - a ring of poison resistance
 m - an amulet of regeneration (around neck)
 C - a +4 ring of evasion (right hand)
 D - a ring of magical power (left hand)
Wands
 g - a wand of flame (25)
 k - a wand of polymorph (5)
 q - a wand of mindburst (30)
 B - a wand of paralysis (9)
 G - a wand of digging (5)
Scrolls
 d - 3 scrolls of immolation
 l - 2 scrolls of fog
 n - 2 scrolls of teleportation
 p - 3 scrolls of magic mapping
 s - a scroll of brand weapon {unknown}
 y - a scroll of vulnerability
 J - a scroll of identify
Potions
 e - a potion of resistance
 h - a potion of attraction
 o - a potion of berserk rage
 r - a potion of brilliance {unknown}
 u - 2 potions of cancellation
 x - 4 potions of lignification
 z - a potion of invisibility
 A - a potion of ambrosia {unknown}
 E - 2 potions of flight
 F - 2 potions of curing
 H - 4 potions of degeneration {unknown}


   Skills:
 - Level 5.2 Fighting
 - Level 7.3 Short Blades
 - Level 2.6 Dodging
 - Level 2.1 Stealth
 - Level 6.3 Spellcasting
 - Level 8.2 Conjurations
 + Level 8.4 Ice Magic


You couldn't memorise any spells.
You knew the following spells:

 Your Spells              Type           Power      Damage    Failure   Level
a - Freeze                Ice            100%       1d11      1%          1
b - Frozen Ramparts       Ice            72%        1d9       1%          3
c - Ozocubu's Armour      Ice            36%        N/A       1%          3
d - Shock                 Conj/Air       80%        1d8       2%          1
e - Searing Ray           Conj           70%        2d7       1%          2
f - Iskenderun's Mystic   Conj/Tloc      20%        2d6       22%         4
g - Swiftness             Air            5%         N/A       34%         3
h - Hailstorm             Conj/Ice       35%        3d9       3%          4

Your spell library contained the following spells:

 Spells                   Type           Power      Damage    Failure   Level
 Magic Dart               Conj           100%       1d8       1%          1
 Sting                    Tmut/Pois      20%        1d4       12%         1
 Blink                    Tloc           10%        N/A       19%         2
 Poisonous Vapours        Pois/Air       10%        N/A       19%         2
 Fulminant Prism          Conj/Hex       10%        3d9       22%         4
 Vampiric Draining        Necr           5%         2d6       34%         3
 Airstrike                Air            2%         N/A       75%         4
 Anguish                  Hex/Necr       2%         N/A       75%         4
 Olgreb's Toxic Radiance  Pois           5%         N/A       75%         4
 Excruciating Wounds      Necr           2%         N/A       97%         5
 Lee's Rapid Deconstruct  Erth           2%         3d6*      97%         5
 Manifold Assault         Tloc           5%         N/A       97%         5
 Silence                  Hex/Air        2%         N/A       97%         5
 Storm Form               Tmut/Air       2%         N/A       100%        7


Dungeon Overview and Level Annotations

Branches:
Dungeon (10/15)            Temple (1/1) D:4            Lair (0/6) D:10
    Orc: D:9-12

Altars:
Ashenzari
Cheibriados
Dithmenos
Elyvilon
Fedhas
Gozag
Hepliaklqana
Kikubaaqudgha
Makhleb
Nemelex Xobeh
Okawaru
Qazlal
Ru
Sif Muna
Trog
Uskayaw
Vehumet
Wu Jian
Xom
Yredelemnul
Zin
The Shining One

Shops:
D:3 [*   D:5 !

Annotations:
D:6 2 transporters


Innate Abilities, Weirdness & Mutations

((You are very nimble when in or above water. (Stealth+, EV+, Speed+++)))
Your lower body shifts to a powerful aquatic tail in water.


Message History

The yaktaur captain shoots a bolt.
The bolt hits you!
Casting: Frozen Ramparts (safe; 1% risk of failure)
Confirm with . or Enter, or press ? or * to list all spells.
Casting: Frozen Ramparts (safe; 1% risk of failure)
Press: ? - help, Dir - look around, f - activate The walls around you are covered in ice.
The wall freezes the yaktaur captain!
The yaktaur captain shoots a bolt.
The bolt hits you!!!
Casting: Frozen Ramparts (safe; 1% risk of failure)
Confirm with . or Enter, or press ? or * to list all spells.
A film of ice covers your body!
The wall freezes the yaktaur captain.
The yaktaur captain shoots a bolt.
The bolt hits you!!
* * * LOW HITPOINT WARNING * * *
Unknown command.
Casting: Ozocubu's Armour (safe; 1% risk of failure)
Confirm with . or Enter, or press ? or * to list all spells.
Casting: Hailstorm (dangerous; 3% risk of failure)
Press: ? - help, Dir - look around, f - activate A cannonade of hail descends around you!
The hail pelts the yaktaur captain!!
The yaktaur captain is moderately wounded.
The wall freezes the yaktaur captain.
The yaktaur captain shoots a bolt.
The bolt misses you.
You hear a shout!
Okay, then.
Hit: v) +4 rapier (venom)
Press: ? - help, Dir - move target, f - yaktaur captain
Aim: a yaktaur captain, wielding a +0 arbalest (moderately wounded, about 17% to evade your +4 rapier of venom)
Your weapon can't reach that far!
Okay, then.
Casting: Hailstorm (dangerous; 3% risk of failure)
Confirm with . or Enter, or press ? or * to list all spells.
Casting: Hailstorm (dangerous; 3% risk of failure)
Press: ? - help, Dir - look around, f - activate A cannonade of hail descends around you!
The hail pelts the yaktaur captain!
The yaktaur captain is heavily wounded.
The wall freezes the yaktaur captain.
The yaktaur captain shoots a bolt.
The bolt hits you!
You die...

.........##....^<)....
.........#######).....
########........>....>.
...)...#.##########....
#.'.# ##... #.#.# ####
#.#.# #)#.# #@#.# #.#.#
c.#.# ####.#


You could see a yaktaur captain.

Vanquished Creatures
  A kobold demonologist (D:9)
  Grinder (D:4)
  2 wyverns
  6 yaks (D:8)
  Menkaure (D:4)
  Edmund (D:4)
  2 water moccasins
  Duvessa (D:4)
  2 orc warriors
  A sky beast (D:6)
  2 black bears
  An ogre (D:6)
  5 centaurs
  2 kobold brigands
  5 bullfrogs
  Blork the orc (D:4)
  2 scorpions
  8 wights
  Dowan (D:4)
  2 howler monkeys (D:8)
  2 jellies
  7 orc priests
  5 gnoll shamans
  2 iguanas
  14 orc wizards
  The ghost of Insxnity the Shield-Bearer, a weakling FoFi of Hepliaklqana (D:4)
  Robin (D:3)
  27 gnolls
  An adder (D:2)
  A shadow imp (D:6)
  A white imp (D:6)
  2 ufetubi
  3 worms (D:2)
  33 orcs
  3 bats
  4 endoplasms
  5 giant cockroaches
  10 hobgoblins
  21 kobolds
  2 quokkas (D:1)
  6 ball pythons
  15 goblins
  5 rats
218 creatures vanquished.

Vanquished Creatures (others)
  11 fungi (D:4)
  3 toadstools (D:4)
14 creatures vanquished.

Grand Total: 232 creatures vanquished

Notes
Turn   | Place    | Note
-------+----------+-------------------------------------------
     0 | D:1      | horus123 the Merfolk Ice Elementalist began the quest for
                  | the Orb.
     0 | D:1      | Reached XP level 1. HP: 13/13 MP: 3/3
   398 | D:1      | Reached XP level 2. HP: 19/19 MP: 2/5
   524 | D:1      | Found a faded altar of an unknown god.
  1601 | D:1      | Reached XP level 3. HP: 22/24 MP: 4/7
  1891 | D:2      | Learned a level 3 spell: Frozen Ramparts
  1897 | D:2      | Learned a level 3 spell: Ozocubu's Armour
  1960 | D:2      | Reached skill level 5 in Ice Magic
  2756 | D:2      | Reached XP level 4. HP: 30/30 MP: 2/8
  2912 | D:2      | Noticed a phantom
  2927 | D:3      | Noticed Robin
  2956 | D:3      | Killed Robin
  3197 | D:3      | Found Fios's Assorted Antiques.
  3262 | D:3      | Found Wilickuony's Antique Armour Shop.
  3607 | D:4      | Noticed Grinder
  3613 | D:4      | Reached XP level 5. HP: 35/35 MP: 0/9
  3825 | D:4      | Paralysed by Grinder for 4 turns
  3834 | D:4      | Paralysed by Grinder for 6 turns
  4100 | D:4      | Reached XP level 6. HP: 44/44 MP: 3/12
  4296 | D:4      | Noticed Blork the orc
  4305 | D:4      | Killed Blork the orc
  4429 | D:4      | Noticed Dowan
  4430 | D:4      | Noticed Duvessa
  4449 | D:4      | Killed Duvessa
  4450 | D:4      | Reached XP level 7. HP: 50/55 MP: 0/13
  4452 | D:4      | Killed Dowan
  4453 | D:4      | Reached skill level 5 in Fighting
  4503 | D:4      | Noticed Edmund
  4655 | D:4      | Killed Edmund
  4830 | D:4      | Noticed Menkaure
  4839 | D:4      | Killed Menkaure
  4883 | D:4      | Learned a level 1 spell: Shock
  4914 | D:4      | Found a runed translucent gate.
  4915 | D:4      | Found a runed translucent gate.
  4916 | D:4      | Found a runed translucent gate.
  4919 | D:4      | Noticed Insxnity's ghost (weakling FoFi)
  4963 | D:4      | Reached skill level 5 in Short Blades
  4963 | D:4      | Reached XP level 8. HP: 57/62 MP: 8/14
  4969 | D:4      | Killed Insxnity's ghost
  5132 | D:4      | Paralysed by Grinder for 5 turns
  5145 | D:4      | Killed Grinder
  5175 | D:4      | Found a staircase to the Ecumenical Temple.
  5215 | Temple   | Entered the Ecumenical Temple
  5352 | Temple   | Became a worshipper of Qazlal Stormbringer
  6016 | D:5      | Entered Level 5 of the Dungeon
  6129 | D:5      | Found Voyleaz's Distillery.
  6213 | D:5      | Learned a level 2 spell: Searing Ray
  6385 | D:5      | Reached skill level 1 in Conjurations
  6810 | D:6      | Found a transporter.
  6814 | D:6      | Noticed a kobold demonologist
  6842 | D:6      | Found a transporter.
  7051 | D:6      | Reached XP level 9. HP: 39/68 MP: 9/15
  7690 | D:6      | Reached skill level 5 in Conjurations
  7830 | D:6      | Learned a level 4 spell: Iskenderun's Mystic Blast
  7940 | D:6      | Reached * piety under Qazlal
  8436 | D:7      | Found a shimmering blue altar of Sif Muna.
  9723 | D:8      | Reached ** piety under Qazlal
  9724 | D:8      | Reached XP level 10. HP: 73/74 MP: 0/16
 10566 | D:9      | Learned a level 3 spell: Swiftness
 10644 | D:9      | Reached skill level 5 in Spellcasting
 10886 | D:9      | Got the Guide on Evil and Malediction
 10891 | D:9      | Noticed a kobold demonologist
 10903 | D:9      | Killed a kobold demonologist
 11206 | D:10     | Entered Level 10 of the Dungeon
 11214 | D:9      | Learned a level 4 spell: Hailstorm
 11355 | D:10     | Found a staircase to the Lair.
 11492 | D:10     | Noticed a yaktaur captain
 11498 | D:10     | Shot with a bolt by a yaktaur captain

Illustrated notes

Levels and vault maps discovered:
D:1:      elethiomel_arrival_infinity_welcomes_careful_drivers,
          layout_loops_corners, dreamdust_ecumenical_altar_sealed_demon,
          kennysheep_flooded_box, chequers_avenue
D:2:      layout_loops_corners
D:3:      layout_basic, serial_shops, nicolae_diamond_shop, shop, uniq_robin
D:4:      layout_basic, minmay_temple_entry_mini_moons,
          gammafunk_ghost_nasty_kobolds, grunt_decor_arrowhead,
          minmay_gold_behind_fungi, uniq_duvessa, uniq_menkaure,
          uniq_blork_the_orc, uniq_edmund, uniq_grinder
D:5:      layout_basic, serial_shops, nicolae_shop_behind_doors
D:6:      gammafunk_wand_slinger, layout_loops_corners, amcnicky_mini_pool_small
D:7:      layout_cave_pods, nicolae_sif_muna_condensation
D:8:      layout_cave_pools, kennysheep_nondescript
D:9:      layout_basic
D:10:     minmay_curly_fans, layout_rooms, lair_entry_dummy, david_orc_4,
          minivault_25_ag, uniq_nergalle
Temple:   kilobyte_greek_temple

Skill      XL: |  1  2  3  4  5  6  7  8  9 10 |
---------------+-------------------------------+-----
Spellcasting   | 3 4 6 |  6.3
Ice Magic      | 5 6 8 |  8.4
Fighting       | 2 4 5 |  5.2
Short Blades   | 5 7 |  7.3
Conjurations   | 4 8 |  8.2
Dodging        | |  2.6
Stealth        | |  2.1

Action                   |  1- 3 |  4- 6 |  7- 9 | 10-12 || total
-------------------------+-------+-------+-------+-------++-------
Melee: Dagger            |     5 |    13 |     2 |       ||    20
       Short sword       |       |    10 |       |       ||    10
       Rapier            |       |       |    96 |    37 ||   133
 Cast: Freeze            |    62 |    33 |    57 |     9 ||   161
       Frozen Ramparts   |     1 |    13 |    28 |    12 ||    54
       Ozocubu's Armour  |       |     5 |    11 |     3 ||    19
       Searing Ray       |       |       |    10 |    12 ||    22
       Hailstorm         |       |       |       |     2 ||     2
  Use: Scroll            |     5 |     3 |    12 |       ||    20
       Potion            |       |     2 |       |     1 ||     3
 Stab: Sleeping          |     3 |     1 |     2 |       ||     6
Armor: Robe              |    11 |    18 |    78 |    35 ||   142
Dodge: Dodged            |    31 |    48 |   131 |   108 ||   318
Block: Other             |       |       |     2 |     8 ||    10

Table legend: (Time is in decaauts)
 A = Elapsed time spent in this place.
 B = Non-inter-level travel time spent in this place.
 C = Inter-level travel time spent in this place.
 D = Time resting spent in this place.
 E = Time spent auto-exploring this place.
 F = Levels seen in this place.
 G = Mean time per level.
                   A        B        C        D        E       F      G
               +--------+--------+--------+--------+--------+-----+--------+
         Total |  11480 |  11138 |    342 |   2506 |   6662 |  11 | 1043.6 |
       Dungeon |  11300 |  10966 |    334 |   2506 |   6535 |  10 | 1130.0 |
        Temple |    179 |    171 |      8 |      0 |    127 |   1 |  179.0 |
               +--------+--------+--------+--------+--------+-----+--------+

Top non-repeatable levels by time:
     D:4: 1919 daAuts
     D:1: 1820 daAuts
     D:6: 1430 daAuts
     D:2: 1105 daAuts
     D:8: 1072 daAuts
     D:7: 1069 daAuts
     D:3: 990 daAuts
     D:9: 886 daAuts
     D:5: 721 daAuts
    D:10: 284 daAuts
  Temple: 179 daAuts
